 Dungeon Crawl Stone Soup version 0.23-a0-338-g8ff0b24 (webtiles) character file.

42 MisterFreud the Charlatan (level 3, 0/15 HPs)
             Began as a Felid Artificer on Oct 18, 2018.
             Slain by an adder (3 damage)
             ... on level 2 of the Dungeon.
             The game lasted 00:06:18 (2396 turns).

MisterFreud the Charlatan (Felid Artificer)         Turns: 2396, Time: 00:06:18

Health: 0/15       AC:  1    Str:  9    XL:     3   Next: 33%
Magic:  7/7        EV: 18    Int: 12    God:
Gold:   101        SH:  0    Dex: 16    Spells: 2/2 levels left
                                        Lives:  0   Deaths: 0

rFire    . . .     SeeInvis +     - Unarmed
rCold    . . .     Gourm    .   (shield unavailable)
rNeg     . . .     Faith    .   (armour unavailable)
rPois    .         Spirit   .   (helmet unavailable)
rElec    .         Reflect  .   (cloak unavailable)
rCorr    .         Harm     .   (gloves unavailable)
MR       .....                  (boots unavailable)
Stlth    +++.......             (no amulet)
HPRegen  0.05/turn              (no ring)
MPRegen  0.10/turn              (no ring)

@: quick
A: very small, no armour, no weapons or thrown items, stealth, claws 1, fangs 3,
see invisible, carnivore, speed 1, shaggy fur 1, slow metabolism 1, sharp paws
a: no special abilities


You were on level 2 of the Dungeon.
You were completely stuffed.

You visited 1 branch of the dungeon, and saw 2 of its levels.

You collected 101 gold pieces.

Inventory:

Wands
 a - a wand of flame (12)
 b - a wand of enslavement (14)
 c - a wand of random effects (14)
Scrolls
 f - a scroll of amnesia
Potions
 e - a potion of heal wounds
 g - a potion of haste {unknown}
 h - a potion of lignification {unknown}
 i - a potion of brilliance {unknown}
 l - a potion of flight {unknown}
Comestibles
 d - 5 rations
 j - 2 chunks of flesh


   Skills:
 - Level 1.0 Fighting
 - Level 2.6 Dodging
 + Level 2.8 Stealth
 + Level 2.0 Unarmed Combat
 + Level 4.0 Evocations


You had 2 spell levels left.
You didn't know any spells.
Your spell library was empty.

Dungeon Overview and Level Annotations

Branches:
Dungeon (2/15)

Altars:
Qazlal


Innate Abilities, Weirdness & Mutations

You cannot wear armour.
You are incapable of wielding weapons or throwing items.
Your paws allow you to move quietly. (Stealth)
You have sharp claws.
You have razor-sharp teeth.
You have supernaturally acute eyesight. (SInv)
You are carnivorous and can eat meat at any time.
You cover ground quickly.
You are covered in fur. (AC +1)
You have a slow metabolism.
Your sharp claws are effective at attacking unaware monsters.


Message History

The worm is severely wounded.
The worm bites you!
Ouch! That really hurt!
* * * LOW HITPOINT WARNING * * *
The adder closely misses you.
Evoke which item? (* to show all) (? for menu, Esc to quit)
Aiming: Throw Flame
Press: ? - help, Shift-Dir - straight line, f - adder, p - worm
Aim: an adder The puff of flame hits the adder.
The adder is moderately wounded.
The adder bites you but does no damage.
Evoke which item? (* to show all) (? for menu, Esc to quit)
Aiming: Throw Flame
Press: ? - help, Shift-Dir - straight line, f/p - adder
Aim: an adder (moderately wounded)
The puff of flame hits the adder.
The adder is heavily wounded.
The adder bites you.
You die...

#.##.#.....##.............#.#...
#.#..#.....##.....#..#....#.....
...........#####.###.#....######
# .#..........###)###............
#####............##..##..#####
#####..................>##..#
......####.##.......######..#
....................# #..#####
...##...........@.### #.......
...##........###S#########.#####.
........................#......#.
........####........#...#........
........#...........#...#.....###
........#........####...#....##
.....)..........w#...........#
.................#...........# ..
............#.........###


You could see a worm and an adder.

Vanquished Creatures
  A dart slug (D:1)
  2 leopard geckos
  5 giant cockroaches
  4 goblins
  7 jackals (D:1)
  2 kobolds
  2 quokkas (D:2)
  A ball python (D:2)
  3 bats (D:1)
  A frilled lizard (D:2)
  3 rats
31 creatures vanquished.

Vanquished Creatures (others)
  A jackal (D:1)
1 creature vanquished.

Grand Total: 32 creatures vanquished

Notes
Turn   | Place    | Note
-------+----------+-------------------------------------------
     0 | D:1      | MisterFreud the Felid Artificer began the quest for the
                  | Orb.
     0 | D:1      | Reached XP level 1. HP: 9/9 MP: 4/4
   532 | D:1      | Reached XP level 2. HP: 7/12 MP: 5/5
  1860 | D:2      | Found a stormy altar of Qazlal.
  1980 | D:2      | Reached XP level 3. HP: 13/15 MP: 6/6
  2222 | D:2      | Reached skill level 4 in Evocations
  2396 | D:2      | Slain by an adder

Vault maps used:
D:1:      nzn_arrival_crosshair, minmay_tromino_i2
D:2:      chequers_ecumenical_altar_lobes, nicolae_qazlal_general_emergency

Skill      XL: |  1  2  3 |
---------------+----------+-----
Stealth        | 2 |  2.8
Evocations     | 4 |  4.0
Unarmed Combat | 2 |  2.0
Fighting       | |  1.0
Dodging        | |  2.6

Action                   || total
-------------------------++-------
Melee: Unarmed           ||   104
       Bite              ||     9
Evoke: Wand              ||     5
  Use: Scroll            ||     5
 Stab: Sleeping          ||     4
  Eat: Chunk             ||    10
Armor: Skin              ||     6
Dodge: Dodged            ||    88

Table legend:
 A = Non-vault XP
 B = Vault XP
 C = Vault XP percentage of total XP
 D = Non-vault monster count
 E = Vault monster count
 F = Vault count percentage of total count
                 A         B        C        D         E       F
            +---------+---------+-------+---------+---------+-------
      Total |      54 |       6 |  10.0 |      30 |       2 |   6.2
            +---------+---------+-------+---------+---------+-------
        D:1 |      29 |       6 |  17.1 |      16 |       2 |  11.1
        D:2 |      25 |       0 |   0.0 |      14 |       0 |   0.0
            +---------+---------+-------+---------+---------+-------
